[ PARTIDA AOE2 · #478399823 ]
Team RMCumanos vs Italians
[ ANÁLISIS DE REPETICIÓN · EXTRAÍDO DE LA PARTIDA GRABADA ]
Feudal
9:13
Castillos
20:04
Imperial
30:47
| APM promedio | 28.4 |
| APM pico | 57 |
| eAPM promedio | 15.4 |
| Aldeanos / militares | 125 / 251 |
Foco
⚔️ 29.7% · 🌾 70.3%
Knight ×159 · Scout Cavalry ×60 · Mangonel ×25 · Petard ×5 · Monk ×2
Feudal
10:02
Castillos
14:13
Imperial
36:47
| APM promedio | 18.7 |
| APM pico | 54 |
| eAPM promedio | 11.2 |
| Aldeanos / militares | 90 / 63 |
Foco
⚔️ 24.3% · 🌾 75.7%
Mangudai ×42 · Mangonel ×11 · Battering Ram ×7 · Trebuchet (Packed) ×3
Feudal
10:29
Castillos
14:43
Imperial
31:49
| APM promedio | 23.4 |
| APM pico | 61 |
| eAPM promedio | 15.6 |
| Aldeanos / militares | 147 / 196 |
Foco
⚔️ 37.6% · 🌾 62.4%
Scout Cavalry ×110 · Ballista Elephant ×80 · Trebuchet (Packed) ×3 · Knight ×2 · Monk ×1
Feudal
12:10
Castillos
16:47
Imperial
43:19
| APM promedio | 23.4 |
| APM pico | 62 |
| eAPM promedio | 13.4 |
| Aldeanos / militares | 138 / 112 |
Foco
⚔️ 25.1% · 🌾 74.9%
Shotel Warrior ×76 · Mangonel ×26 · Petard ×5 · Battering Ram ×3 · Monk ×2
Feudal
10:57
Castillos
14:52
Imperial
31:18
| APM promedio | 12.7 |
| APM pico | 55 |
| eAPM promedio | 8.5 |
| Aldeanos / militares | 112 / 53 |
Foco
⚔️ 21.6% · 🌾 78.4%
Spearman ×30 · Skirmisher ×13 · Cavalry Archer ×10 · Unknown (882) ×5
Feudal
10:59
Castillos
18:30
Imperial
—
| APM promedio | 20.5 |
| APM pico | 69 |
| eAPM promedio | 11.5 |
| Aldeanos / militares | 74 / 18 |
Foco
⚔️ 18.1% · 🌾 81.9%
Militia ×13 · Spearman ×5
Mapa de la partida
Recursos al inicio + cada clic de construcción. Línea gruesa = muro · recuadro discontinuo = muro de casas detectado. 🟡 oro · ⚪ piedra · 🟢 bayas · 🔶 jabalí · ⭕ reliquia
Terreno con sombreado de elevación (luz NO: claro = ladera hacia el noroeste) · ⚠ = hueco de muro detectado
Inputs por minuto
— Xavyyy - - BolivarCG
Build order — Xavyyy
Primeras 150 de 387 acciones detectadas
| 0:03 | Crear | Villager (Male) ×4 |
| 0:08 | Construir | House |
| 0:10 | Construir | House |
| 1:35 | Crear | Villager (Male) |
| 1:35 | Crear | Villager (Male) |
| 2:07 | Crear | Villager (Male) |
| 2:14 | Construir | Lumber Camp |
| 2:22 | Crear | Villager (Male) |
| 2:58 | Crear | Villager (Male) |
| 2:58 | Crear | Villager (Male) |
| 3:19 | Crear | Villager (Male) |
| 3:20 | Crear | Villager (Male) |
| 3:20 | Crear | Villager (Male) |
| 3:30 | Construir | House |
| 3:54 | Crear | Villager (Male) |
| 4:11 | Construir | Mill |
| 4:13 | Crear | Villager (Male) |
| 4:14 | Crear | Villager (Male) |
| 4:46 | Crear | Villager (Male) |
| 5:03 | Crear | Villager (Male) |
| 5:03 | Crear | Villager (Male) |
| 5:03 | Crear | Villager (Male) |
| 5:51 | Crear | Villager (Male) |
| 6:24 | Crear | Villager (Male) |
| 7:03 | Investigar | Feudal Age |
| 7:27 | Construir | House |
| 7:48 | Crear | Villager (Male) |
| 7:48 | Crear | Villager (Male) |
| 9:13 | Edad | Edad Feudal |
| 9:17 | Construir | Town Center |
| 9:49 | Crear | Villager (Male) |
| 10:05 | Construir | Mill |
| 10:15 | Crear | Villager (Male) |
| 10:44 | Investigar | Double-Bit Axe |
| 10:53 | Crear | Villager (Male) |
| 10:57 | Crear | Villager (Male) |
| 11:11 | Crear | Villager (Male) |
| 11:11 | Crear | Villager (Male) |
| 11:27 | Investigar | Horse Collar |
| 11:42 | Crear | Villager (Male) |
| 11:43 | Crear | Villager (Male) |
| 11:53 | Construir | Farm |
| 11:59 | Crear | Villager (Male) |
| 12:00 | Crear | Villager (Male) |
| 12:05 | Construir | House |
| 12:06 | Construir | House |
| 12:15 | Construir | Farm |
| 12:22 | Investigar | Loom |
| 12:27 | Crear | Villager (Male) |
| 12:28 | Crear | Villager (Male) |
| 12:36 | Construir | Farm |
| 12:41 | Construir | Farm |
| 12:42 | Crear | Villager (Male) |
| 12:42 | Crear | Villager (Male) |
| 12:56 | Construir | House |
| 13:03 | Construir | Farm |
| 13:04 | Construir | Farm |
| 13:05 | Crear | Villager (Male) |
| 13:06 | Crear | Villager (Male) |
| 13:15 | Construir | Farm |
| 13:28 | Construir | Farm |
| 13:34 | Construir | Farm |
| 13:37 | Construir | House |
| 13:38 | Crear | Villager (Male) |
| 13:39 | Crear | Villager (Male) |
| 13:39 | Crear | Villager (Male) |
| 13:49 | Construir | Farm |
| 13:57 | Crear | Villager (Male) |
| 13:58 | Crear | Villager (Male) |
| 14:02 | Construir | Farm |
| 14:10 | Construir | House |
| 14:20 | Construir | Farm |
| 14:29 | Construir | Farm |
| 14:35 | Crear | Villager (Male) |
| 14:35 | Crear | Villager (Male) |
| 14:45 | Construir | House |
| 14:53 | Construir | Farm |
| 15:00 | Construir | Blacksmith |
| 15:30 | Construir | Farm |
| 15:34 | Crear | Villager (Male) |
| 15:34 | Crear | Villager (Male) |
| 15:36 | Crear | Villager (Male) |
| 15:46 | Construir | Market |
| 16:02 | Construir | Farm |
| 16:04 | Construir | Farm |
| 16:05 | Construir | Farm |
| 16:10 | Construir | Farm |
| 16:13 | Crear | Villager (Male) |
| 16:13 | Crear | Villager (Male) |
| 16:23 | Construir | Farm |
| 16:30 | Construir | House |
| 16:42 | Crear | Villager (Male) |
| 16:44 | Crear | Villager (Male) |
| 16:45 | Crear | Villager (Male) |
| 17:14 | Construir | Farm |
| 17:17 | Construir | Farm |
| 17:24 | Investigar | Castle Age |
| 17:31 | Crear | Villager (Male) |
| 17:41 | Construir | House |
| 17:45 | Construir | Barracks |
| 17:55 | Investigar | Wheelbarrow |
| 18:01 | Construir | Farm |
| 18:02 | Construir | Farm |
| 18:04 | Crear | Villager (Male) |
| 18:05 | Crear | Villager (Male) |
| 18:13 | Construir | House |
| 18:14 | Construir | House |
| 18:41 | Construir | Stable |
| 18:51 | Investigar | Forging |
| 19:02 | Construir | Farm |
| 19:03 | Construir | Farm |
| 19:05 | Construir | Farm |
| 19:08 | Crear | Villager (Male) |
| 19:08 | Crear | Villager (Male) |
| 19:14 | Construir | House |
| 19:15 | Construir | House |
| 19:22 | Construir | Stable |
| 19:37 | Investigar | Bloodlines |
| 19:49 | Construir | Lumber Camp |
| 19:54 | Crear | Villager (Male) |
| 19:55 | Crear | Villager (Male) |
| 19:58 | Construir | House |
| 20:04 | Edad | Edad de los Castillos |
| 20:04 | Construir | Mill |
| 20:17 | Construir | Monastery |
| 20:34 | Crear | Knight |
| 20:34 | Crear | Knight |
| 20:41 | Crear | Villager (Male) |
| 20:41 | Crear | Villager (Male) |
| 20:48 | Construir | Farm |
| 20:54 | Crear | Villager (Male) |
| 20:54 | Crear | Villager (Male) |
| 20:58 | Investigar | Bow Saw |
| 21:02 | Construir | Mining Camp |
| 21:07 | Crear | Monk |
| 21:07 | Crear | Monk |
| 21:11 | Crear | Knight |
| 21:11 | Crear | Knight |
| 21:26 | Construir | House |
| 21:29 | Crear | Villager (Male) |
| 21:30 | Crear | Villager (Male) |
| 21:34 | Crear | Knight |
| 21:35 | Crear | Knight |
| 21:38 | Investigar | Scale Barding Armor |
| 21:51 | Construir | Farm |
| 21:52 | Construir | Farm |
| 21:55 | Investigar | Heavy Plow |
| 21:59 | Construir | House |
| 22:00 | Construir | House |
| 22:00 | Construir | House |
Build order — BolivarCG
Primeras 150 de 287 acciones detectadas
| 0:02 | Construir | House |
| 0:03 | Construir | House |
| 0:04 | Crear | Villager (Male) |
| 0:04 | Crear | Villager (Male) |
| 0:05 | Crear | Villager (Male) |
| 0:05 | Crear | Villager (Male) |
| 0:05 | Crear | Villager (Male) |
| 1:34 | Crear | Villager (Male) |
| 1:34 | Crear | Villager (Male) |
| 2:04 | Crear | Villager (Male) |
| 2:20 | Crear | Villager (Male) |
| 2:58 | Crear | Villager (Male) |
| 2:58 | Crear | Villager (Male) |
| 3:10 | Construir | Lumber Camp |
| 3:13 | Crear | Villager (Male) |
| 3:14 | Crear | Villager (Male) |
| 3:23 | Construir | House |
| 4:07 | Crear | Villager (Male) |
| 4:07 | Crear | Villager (Male) |
| 4:07 | Crear | Villager (Male) |
| 4:37 | Crear | Villager (Male) |
| 5:14 | Crear | Villager (Male) |
| 5:14 | Crear | Villager (Male) |
| 5:14 | Crear | Villager (Male) |
| 5:24 | Construir | Mill |
| 5:52 | Construir | House |
| 6:02 | Crear | Villager (Male) |
| 6:22 | Crear | Villager (Male) |
| 6:48 | Crear | Villager (Male) |
| 6:49 | Crear | Villager (Male) |
| 7:33 | Crear | Villager (Male) |
| 7:49 | Investigar | Feudal Age |
| 8:15 | Construir | Mining Camp |
| 8:37 | Construir | Mill |
| 8:52 | Crear | Villager (Male) |
| 8:52 | Crear | Villager (Male) |
| 10:02 | Edad | Edad Feudal |
| 10:05 | Construir | Market |
| 10:54 | Construir | Blacksmith |
| 11:02 | Crear | Villager (Male) |
| 11:21 | Construir | House |
| 11:33 | Investigar | Castle Age |
| 12:37 | Construir | Mining Camp |
| 12:40 | Crear | Villager (Male) |
| 12:41 | Crear | Villager (Male) |
| 14:13 | Edad | Edad de los Castillos |
| 14:44 | Crear | Villager (Male) |
| 15:07 | Construir | Castle |
| 15:11 | Investigar | Fletching |
| 15:19 | Construir | House |
| 15:40 | Crear | Villager (Male) |
| 15:40 | Crear | Villager (Male) |
| 15:49 | Construir | House |
| 16:06 | Construir | Mining Camp |
| 16:12 | Crear | Villager (Male) |
| 16:23 | Crear | Mangudai |
| 16:23 | Crear | Mangudai |
| 16:24 | Crear | Mangudai |
| 16:24 | Crear | Mangudai |
| 16:24 | Crear | Mangudai |
| 16:38 | Construir | House |
| 17:03 | Crear | Mangudai |
| 17:09 | Crear | Villager (Male) |
| 17:17 | Construir | Farm |
| 17:17 | Construir | Farm |
| 17:18 | Construir | Farm |
| 17:26 | Construir | House |
| 17:51 | Crear | Villager (Male) |
| 17:51 | Crear | Villager (Male) |
| 18:02 | Construir | Farm |
| 18:41 | Construir | Siege Workshop |
| 18:54 | Construir | Farm |
| 19:00 | Construir | Farm |
| 19:02 | Crear | Villager (Male) |
| 19:31 | Crear | Villager (Male) |
| 19:57 | Construir | Town Center |
| 20:00 | Crear | Villager (Male) |
| 20:40 | Crear | Villager (Male) |
| 20:48 | Crear | Villager (Male) |
| 21:04 | Crear | Mangonel |
| 21:14 | Crear | Villager (Male) |
| 21:42 | Crear | Villager (Male) |
| 21:51 | Construir | Farm |
| 21:52 | Construir | Farm |
| 21:52 | Construir | Farm |
| 21:53 | Construir | Farm |
| 21:54 | Construir | Farm |
| 22:55 | Crear | Villager (Male) |
| 22:55 | Crear | Villager (Male) |
| 22:56 | Crear | Villager (Male) |
| 22:58 | Construir | Farm |
| 23:15 | Crear | Villager (Male) |
| 23:17 | Crear | Villager (Male) |
| 24:12 | Crear | Battering Ram |
| 24:12 | Crear | Battering Ram |
| 24:13 | Crear | Battering Ram |
| 24:17 | Crear | Battering Ram |
| 24:23 | Crear | Villager (Male) |
| 24:25 | Crear | Villager (Male) |
| 24:25 | Crear | Villager (Male) |
| 24:26 | Crear | Villager (Male) |
| 24:49 | Crear | Villager (Male) |
| 24:50 | Crear | Villager (Male) |
| 25:15 | Investigar | Padded Archer Armor |
| 25:27 | Crear | Villager (Male) |
| 25:29 | Crear | Villager (Male) |
| 26:30 | Crear | Villager (Male) |
| 26:32 | Investigar | Wheelbarrow |
| 26:47 | Construir | House |
| 26:51 | Crear | Villager (Male) |
| 26:53 | Crear | Villager (Male) |
| 26:58 | Construir | House |
| 27:31 | Crear | Mangudai |
| 27:32 | Crear | Mangudai |
| 27:32 | Crear | Mangudai |
| 27:33 | Crear | Mangudai |
| 27:55 | Investigar | Bodkin Arrow |
| 28:12 | Crear | Villager (Male) |
| 28:16 | Crear | Villager (Male) |
| 28:24 | Construir | Mill |
| 28:26 | Construir | Farm |
| 28:26 | Construir | Farm |
| 28:27 | Construir | Farm |
| 28:27 | Construir | Farm |
| 28:28 | Construir | Farm |
| 28:29 | Construir | Farm |
| 28:29 | Construir | Farm |
| 28:30 | Construir | Farm |
| 28:44 | Crear | Mangudai |
| 28:53 | Construir | Farm |
| 28:58 | Investigar | Horse Collar |
| 29:02 | Investigar | Double-Bit Axe |
| 30:24 | Crear | Mangudai |
| 30:24 | Crear | Mangudai |
| 30:24 | Crear | Mangudai |
| 30:24 | Crear | Mangudai |
| 30:25 | Crear | Mangudai |
| 30:25 | Crear | Mangudai |
| 30:25 | Crear | Mangudai |
| 31:19 | Crear | Mangudai |
| 31:19 | Crear | Mangudai |
| 33:32 | Crear | Mangudai |
| 33:32 | Crear | Mangudai |
| 33:32 | Crear | Mangudai |
| 33:37 | Investigar | Imperial Age |
| 33:40 | Investigar | Hand Cart |
| 33:47 | Construir | Farm |
| 33:52 | Construir | Town Center |
| 34:24 | Crear | Mangudai |
| 34:45 | Construir | Mining Camp |
Build order — Tuco Salamanca
Primeras 150 de 506 acciones detectadas
| 0:00 | Crear | Villager (Male) |
| 0:01 | Crear | Villager (Male) |
| 0:02 | Construir | House |
| 0:04 | Construir | House |
| 0:22 | Crear | Villager (Male) |
| 0:22 | Crear | Villager (Male) |
| 1:28 | Crear | Villager (Male) |
| 1:46 | Construir | Lumber Camp |
| 2:07 | Crear | Villager (Male) |
| 2:24 | Crear | Villager (Male) |
| 2:50 | Crear | Villager (Male) |
| 3:38 | Construir | House |
| 3:45 | Crear | Villager (Male) |
| 4:00 | Crear | Villager (Male) |
| 4:15 | Construir | House |
| 4:31 | Crear | Villager (Male) |
| 4:59 | Crear | Villager (Male) |
| 5:16 | Crear | Villager (Male) |
| 5:39 | Crear | Villager (Male) |
| 6:22 | Crear | Villager (Male) |
| 6:25 | Crear | Villager (Male) |
| 7:02 | Crear | Villager (Male) |
| 7:37 | Construir | Mill |
| 7:50 | Construir | Mining Camp |
| 7:53 | Crear | Villager (Male) |
| 8:19 | Investigar | Feudal Age |
| 10:29 | Edad | Edad Feudal |
| 10:30 | Crear | Villager (Male) |
| 11:01 | Construir | Market |
| 11:06 | Crear | Villager (Male) |
| 11:16 | Investigar | Loom |
| 12:03 | Investigar | Castle Age |
| 12:29 | Investigar | Horse Collar |
| 12:37 | Investigar | Double-Bit Axe |
| 12:37 | Investigar | Double-Bit Axe |
| 13:21 | Investigar | Horse Collar |
| 13:26 | Construir | Farm |
| 13:34 | Construir | Farm |
| 13:40 | Construir | Farm |
| 14:09 | Crear | Villager (Male) |
| 14:10 | Crear | Villager (Male) |
| 14:26 | Construir | Farm |
| 14:43 | Edad | Edad de los Castillos |
| 14:48 | Crear | Villager (Male) |
| 14:56 | Construir | Town Center |
| 15:11 | Construir | House |
| 15:15 | Investigar | Wheelbarrow |
| 15:19 | Investigar | Bow Saw |
| 15:22 | Construir | House |
| 15:23 | Construir | House |
| 15:24 | Construir | House |
| 15:51 | Crear | Villager (Male) |
| 15:57 | Construir | Farm |
| 16:21 | Crear | Villager (Male) |
| 16:27 | Construir | Farm |
| 16:39 | Construir | Town Center |
| 16:44 | Crear | Villager (Male) |
| 16:54 | Construir | Farm |
| 16:56 | Crear | Villager (Male) |
| 17:02 | Construir | Farm |
| 17:04 | Crear | Villager (Male) |
| 17:12 | Construir | Farm |
| 17:26 | Construir | House |
| 17:27 | Construir | House |
| 17:28 | Construir | House |
| 17:29 | Construir | House |
| 17:30 | Construir | House |
| 17:32 | Crear | Villager (Male) |
| 17:35 | Crear | Villager (Male) |
| 17:38 | Construir | Farm |
| 17:41 | Crear | Villager (Male) |
| 17:49 | Crear | Villager (Male) |
| 17:55 | Construir | Farm |
| 17:58 | Crear | Villager (Male) |
| 18:05 | Construir | Farm |
| 18:08 | Construir | Farm |
| 18:10 | Crear | Villager (Male) |
| 18:18 | Construir | Farm |
| 18:21 | Crear | Villager (Male) |
| 18:26 | Construir | Farm |
| 18:30 | Crear | Villager (Male) |
| 18:38 | Construir | Farm |
| 18:41 | Construir | Farm |
| 18:44 | Crear | Villager (Male) |
| 18:50 | Crear | Villager (Male) |
| 18:55 | Construir | Farm |
| 18:58 | Construir | Farm |
| 19:00 | Crear | Villager (Male) |
| 19:13 | Construir | Farm |
| 19:16 | Crear | Villager (Male) |
| 19:17 | Crear | Villager (Male) |
| 19:20 | Construir | Farm |
| 19:21 | Crear | Villager (Male) |
| 19:26 | Construir | Farm |
| 19:30 | Construir | Farm |
| 19:32 | Crear | Villager (Male) |
| 19:37 | Crear | Villager (Male) |
| 19:43 | Construir | Farm |
| 19:46 | Crear | Villager (Male) |
| 19:57 | Crear | Villager (Male) |
| 19:59 | Crear | Villager (Male) |
| 20:00 | Crear | Villager (Male) |
| 20:09 | Construir | Farm |
| 20:12 | Crear | Villager (Male) |
| 20:13 | Crear | Villager (Male) |
| 20:18 | Construir | Farm |
| 20:21 | Construir | Farm |
| 20:23 | Crear | Villager (Male) |
| 20:30 | Investigar | Heavy Plow |
| 20:36 | Crear | Villager (Male) |
| 20:45 | Construir | Farm |
| 20:49 | Construir | Farm |
| 20:52 | Crear | Villager (Male) |
| 20:56 | Crear | Villager (Male) |
| 21:12 | Construir | Stable |
| 21:14 | Construir | Stable |
| 21:16 | Crear | Villager (Male) |
| 21:17 | Crear | Villager (Male) |
| 21:18 | Crear | Villager (Male) |
| 21:19 | Crear | Villager (Male) |
| 21:30 | Investigar | Gold Mining |
| 21:33 | Crear | Villager (Male) |
| 21:34 | Crear | Villager (Male) |
| 21:38 | Construir | Farm |
| 21:42 | Construir | Farm |
| 21:46 | Construir | Farm |
| 21:49 | Construir | Farm |
| 21:52 | Crear | Villager (Male) |
| 21:58 | Crear | Villager (Male) |
| 22:04 | Crear | Villager (Male) |
| 22:09 | Construir | Farm |
| 22:12 | Construir | Farm |
| 22:17 | Construir | House |
| 22:18 | Construir | House |
| 22:19 | Construir | House |
| 22:23 | Crear | Scout Cavalry |
| 22:25 | Investigar | Light Cavalry (upgrade) |
| 22:26 | Investigar | Bloodlines |
| 22:26 | Investigar | Husbandry |
| 22:28 | Crear | Villager (Male) |
| 22:30 | Crear | Villager (Male) |
| 22:34 | Crear | Villager (Male) |
| 22:36 | Crear | Villager (Male) |
| 22:40 | Crear | Villager (Male) |
| 22:47 | Construir | Farm |
| 22:52 | Crear | Villager (Male) |
| 22:53 | Crear | Villager (Male) |
| 22:57 | Crear | Villager (Male) |
| 22:57 | Crear | Villager (Male) |
| 22:58 | Crear | Villager (Male) |
Build order — Vicko Guty
Primeras 150 de 340 acciones detectadas
| 0:03 | Construir | House |
| 0:05 | Construir | House |
| 0:07 | Construir | House |
| 0:12 | Crear | Villager (Male) ×4 |
| 0:13 | Crear | Villager (Male) ×4 |
| 1:43 | Crear | Villager (Male) |
| 1:59 | Construir | Mining Camp |
| 2:20 | Crear | Villager (Male) |
| 2:37 | Crear | Villager (Male) |
| 3:00 | Crear | Villager (Male) |
| 3:25 | Crear | Villager (Male) |
| 3:45 | Crear | Villager (Male) |
| 4:03 | Crear | Villager (Male) |
| 4:34 | Construir | Mining Camp |
| 4:38 | Crear | Villager (Male) |
| 5:16 | Crear | Villager (Male) |
| 5:17 | Crear | Villager (Male) |
| 6:21 | Crear | Villager (Male) |
| 6:21 | Crear | Villager (Male) |
| 6:34 | Construir | Lumber Camp |
| 6:53 | Construir | House |
| 7:02 | Crear | Villager (Male) |
| 7:32 | Crear | Villager (Male) |
| 8:08 | Crear | Villager (Male) |
| 8:43 | Crear | Villager (Male) |
| 8:43 | Crear | Villager (Male) |
| 9:06 | Construir | House |
| 9:10 | Crear | Villager (Male) |
| 9:57 | Investigar | Feudal Age |
| 10:37 | Construir | House |
| 11:17 | Construir | Mill |
| 12:10 | Edad | Edad Feudal |
| 12:40 | Construir | Market |
| 12:49 | Crear | Villager (Male) |
| 13:09 | Construir | Blacksmith |
| 13:23 | Crear | Villager (Male) |
| 14:07 | Investigar | Castle Age |
| 14:07 | Investigar | Castle Age |
| 14:19 | Investigar | Scale Mail Armor |
| 14:57 | Construir | Farm |
| 15:05 | Investigar | Forging |
| 15:11 | Construir | Farm |
| 15:17 | Construir | Farm |
| 15:21 | Construir | Farm |
| 15:29 | Construir | Farm |
| 16:44 | Investigar | Wheelbarrow |
| 16:47 | Edad | Edad de los Castillos |
| 16:59 | Construir | Castle |
| 17:16 | Crear | Villager (Male) |
| 17:22 | Construir | Farm |
| 17:25 | Construir | Farm |
| 17:29 | Construir | Farm |
| 17:54 | Construir | Lumber Camp |
| 18:03 | Crear | Shotel Warrior |
| 18:04 | Crear | Shotel Warrior |
| 18:04 | Crear | Shotel Warrior |
| 18:04 | Crear | Shotel Warrior |
| 18:04 | Crear | Shotel Warrior |
| 18:20 | Crear | Villager (Male) |
| 18:26 | Crear | Shotel Warrior |
| 18:26 | Crear | Shotel Warrior |
| 18:27 | Crear | Shotel Warrior |
| 18:52 | Construir | Farm |
| 19:07 | Crear | Shotel Warrior |
| 19:27 | Crear | Petard |
| 19:27 | Crear | Petard |
| 19:52 | Crear | Shotel Warrior |
| 19:52 | Crear | Shotel Warrior |
| 19:53 | Crear | Shotel Warrior |
| 19:59 | Crear | Villager (Male) |
| 19:59 | Crear | Villager (Male) |
| 19:59 | Crear | Villager (Male) |
| 20:09 | Construir | Farm |
| 20:31 | Crear | Shotel Warrior |
| 21:23 | Crear | Villager (Male) |
| 21:23 | Crear | Villager (Male) |
| 21:24 | Crear | Villager (Male) |
| 21:24 | Crear | Villager (Male) |
| 21:24 | Crear | Villager (Male) |
| 22:13 | Crear | Shotel Warrior |
| 22:13 | Crear | Shotel Warrior |
| 22:13 | Crear | Shotel Warrior |
| 22:14 | Crear | Shotel Warrior |
| 23:15 | Crear | Shotel Warrior |
| 23:16 | Crear | Shotel Warrior |
| 23:16 | Crear | Shotel Warrior |
| 23:16 | Crear | Shotel Warrior |
| 23:16 | Crear | Shotel Warrior |
| 23:17 | Crear | Shotel Warrior |
| 23:49 | Crear | Shotel Warrior |
| 23:49 | Crear | Shotel Warrior |
| 23:49 | Crear | Shotel Warrior |
| 23:54 | Crear | Villager (Male) |
| 23:54 | Crear | Villager (Male) |
| 24:03 | Construir | Farm |
| 24:07 | Construir | Farm |
| 24:12 | Construir | House |
| 24:12 | Construir | House |
| 24:13 | Construir | House |
| 24:13 | Construir | House |
| 24:13 | Construir | House |
| 24:13 | Construir | House |
| 24:14 | Construir | House |
| 24:14 | Construir | House |
| 24:15 | Construir | House |
| 24:16 | Construir | House |
| 24:39 | Construir | Siege Workshop |
| 25:40 | Crear | Battering Ram |
| 25:40 | Crear | Battering Ram |
| 26:24 | Crear | Battering Ram |
| 26:31 | Crear | Villager (Male) |
| 26:32 | Crear | Villager (Male) |
| 26:32 | Crear | Villager (Male) |
| 26:32 | Crear | Villager (Male) |
| 26:33 | Crear | Villager (Male) |
| 26:33 | Crear | Villager (Male) |
| 26:45 | Construir | Town Center |
| 27:44 | Crear | Petard |
| 27:45 | Crear | Petard |
| 28:21 | Crear | Villager (Male) |
| 28:21 | Crear | Villager (Male) |
| 28:41 | Crear | Petard |
| 29:34 | Crear | Villager (Male) |
| 29:35 | Crear | Villager (Male) |
| 29:35 | Crear | Villager (Male) |
| 29:35 | Crear | Villager (Male) |
| 29:35 | Crear | Villager (Male) |
| 29:36 | Crear | Villager (Male) |
| 29:36 | Crear | Villager (Male) |
| 29:36 | Crear | Villager (Male) |
| 29:37 | Crear | Villager (Male) |
| 29:37 | Crear | Villager (Male) |
| 29:37 | Crear | Villager (Male) |
| 29:38 | Crear | Villager (Male) |
| 29:38 | Crear | Villager (Male) |
| 29:38 | Crear | Villager (Male) |
| 29:38 | Crear | Villager (Male) |
| 29:39 | Crear | Villager (Male) |
| 30:07 | Construir | Monastery |
| 30:32 | Crear | Shotel Warrior ×5 |
| 30:32 | Crear | Shotel Warrior ×5 |
| 30:52 | Crear | Shotel Warrior ×5 |
| 30:52 | Crear | Shotel Warrior ×5 |
| 30:52 | Crear | Shotel Warrior ×5 |
| 30:52 | Crear | Shotel Warrior ×2 |
| 31:54 | Crear | Monk |
| 31:55 | Crear | Monk |
| 33:19 | Crear | Villager (Male) |
| 33:19 | Crear | Villager (Male) |
| 33:19 | Crear | Villager (Male) |
Build order — Bononi
Primeras 150 de 254 acciones detectadas
| 0:02 | Crear | Villager (Male) |
| 0:02 | Crear | Villager (Male) |
| 0:04 | Construir | House |
| 0:06 | Construir | House |
| 0:21 | Crear | Villager (Male) |
| 0:21 | Crear | Villager (Male) |
| 0:21 | Crear | Villager (Male) |
| 1:33 | Crear | Villager (Male) |
| 1:33 | Crear | Villager (Male) |
| 1:47 | Crear | Villager (Male) |
| 1:47 | Crear | Villager (Male) |
| 1:50 | Construir | Lumber Camp |
| 2:13 | Construir | House |
| 2:15 | Construir | House |
| 2:27 | Crear | Villager (Male) |
| 2:55 | Crear | Villager (Male) |
| 2:56 | Crear | Villager (Male) |
| 3:13 | Crear | Villager (Male) |
| 3:14 | Crear | Villager (Male) |
| 3:40 | Crear | Villager (Male) |
| 3:40 | Crear | Villager (Male) |
| 3:59 | Crear | Villager (Male) |
| 3:59 | Crear | Villager (Male) |
| 4:17 | Crear | Villager (Male) |
| 4:17 | Crear | Villager (Male) |
| 4:38 | Crear | Villager (Male) |
| 5:15 | Crear | Villager (Male) |
| 5:15 | Crear | Villager (Male) |
| 5:15 | Crear | Villager (Male) |
| 5:15 | Crear | Villager (Male) |
| 5:50 | Construir | Mill |
| 6:14 | Construir | Mill |
| 6:52 | Crear | Villager (Male) |
| 6:52 | Crear | Villager (Male) |
| 7:41 | Crear | Villager (Male) |
| 7:43 | Crear | Villager (Male) |
| 8:27 | Investigar | Feudal Age |
| 9:02 | Construir | House |
| 9:24 | Construir | Mining Camp |
| 10:39 | Crear | Villager (Male) |
| 10:39 | Crear | Villager (Male) |
| 10:57 | Edad | Edad Feudal |
| 10:59 | Construir | Farm |
| 11:07 | Construir | Market |
| 11:13 | Construir | Blacksmith |
| 11:33 | Crear | Villager (Male) |
| 11:44 | Construir | Mining Camp |
| 12:10 | Investigar | Castle Age |
| 12:41 | Investigar | Double-Bit Axe |
| 13:24 | Construir | House |
| 13:25 | Construir | House |
| 14:33 | Investigar | Stone Mining |
| 14:52 | Edad | Edad de los Castillos |
| 14:57 | Crear | Villager (Male) |
| 14:57 | Crear | Villager (Male) |
| 15:32 | Crear | Villager (Male) |
| 15:32 | Crear | Villager (Male) |
| 16:19 | Construir | Town Center |
| 16:31 | Construir | Castle |
| 16:45 | Construir | House |
| 16:47 | Construir | House |
| 16:48 | Construir | House |
| 16:55 | Construir | Farm |
| 17:00 | Construir | Farm |
| 17:04 | Construir | Farm |
| 17:09 | Construir | Farm |
| 17:12 | Construir | Farm |
| 17:17 | Construir | Farm |
| 17:21 | Construir | Farm |
| 17:25 | Construir | Farm |
| 17:28 | Investigar | Loom |
| 17:32 | Construir | Farm |
| 17:34 | Investigar | Horse Collar |
| 17:57 | Construir | Town Center |
| 18:04 | Construir | Farm |
| 18:04 | Construir | Farm |
| 18:04 | Construir | Farm |
| 18:22 | Construir | House |
| 18:34 | Construir | House |
| 19:10 | Construir | Barracks |
| 19:17 | Crear | Villager (Male) |
| 19:18 | Crear | Villager (Male) |
| 19:18 | Crear | Villager (Male) |
| 19:18 | Crear | Villager (Male) |
| 19:18 | Crear | Villager (Male) |
| 19:19 | Crear | Villager (Male) |
| 19:19 | Crear | Villager (Male) |
| 19:36 | Construir | Farm |
| 19:50 | Construir | Farm |
| 19:55 | Construir | Farm |
| 19:57 | Construir | Farm |
| 20:00 | Construir | Farm |
| 20:09 | Crear | Villager (Male) |
| 20:10 | Crear | Villager (Male) |
| 20:27 | Construir | Archery Range |
| 20:33 | Crear | Villager (Male) |
| 20:33 | Crear | Villager (Male) |
| 20:33 | Crear | Villager (Male) |
| 20:38 | Construir | Farm |
| 20:42 | Construir | Farm |
| 20:45 | Construir | Farm |
| 20:49 | Construir | Farm |
| 20:56 | Construir | Farm |
| 21:00 | Crear | Villager (Male) |
| 21:00 | Crear | Villager (Male) |
| 21:01 | Crear | Villager (Male) |
| 21:01 | Crear | Villager (Male) |
| 21:17 | Construir | Farm |
| 21:28 | Construir | Farm |
| 21:32 | Crear | Villager (Male) |
| 21:32 | Crear | Villager (Male) |
| 21:33 | Crear | Villager (Male) |
| 21:33 | Crear | Villager (Male) |
| 21:54 | Construir | Siege Workshop |
| 22:10 | Construir | Farm |
| 22:18 | Construir | House |
| 22:23 | Construir | House |
| 22:25 | Construir | Palisade Wall |
| 22:42 | Construir | House |
| 22:47 | Construir | House |
| 22:51 | Crear | Villager (Male) |
| 22:52 | Crear | Villager (Male) |
| 23:04 | Construir | Farm |
| 23:04 | Construir | Farm |
| 23:50 | Investigar | Elite Skirmisher (upgrade) |
| 23:55 | Crear | Villager (Male) |
| 23:55 | Crear | Villager (Male) |
| 23:55 | Crear | Villager (Male) |
| 23:56 | Crear | Villager (Male) |
| 23:59 | Construir | Farm |
| 24:01 | Construir | Farm |
| 24:07 | Construir | Farm |
| 24:09 | Construir | Farm |
| 24:26 | Construir | Archery Range |
| 24:30 | Crear | Villager (Male) |
| 24:30 | Crear | Villager (Male) |
| 24:30 | Crear | Villager (Male) |
| 24:40 | Construir | Farm |
| 24:50 | Crear | Skirmisher |
| 25:00 | Investigar | Fletching |
| 25:02 | Investigar | Padded Archer Armor |
| 25:06 | Crear | Villager (Male) |
| 25:06 | Crear | Villager (Male) |
| 25:06 | Crear | Villager (Male) |
| 25:06 | Crear | Villager (Male) |
| 25:13 | Investigar | Heavy Plow |
| 25:29 | Crear | Skirmisher |
| 25:29 | Crear | Skirmisher |
| 25:37 | Construir | Archery Range |
| 25:44 | Crear | Skirmisher ×5 |
Build order — Mr. Andrews
Primeras 150 de 198 acciones detectadas
| 0:01 | Crear | Villager (Male) ×4 |
| 0:03 | Construir | House |
| 0:04 | Construir | House |
| 1:40 | Crear | Villager (Male) |
| 1:40 | Crear | Villager (Male) |
| 2:11 | Construir | Lumber Camp |
| 2:21 | Crear | Villager (Male) |
| 2:21 | Crear | Villager (Male) |
| 2:22 | Investigar | Loom |
| 3:04 | Crear | Villager (Male) |
| 3:15 | Construir | House |
| 3:16 | Construir | House |
| 3:20 | Crear | Villager (Male) |
| 3:20 | Crear | Villager (Male) |
| 4:02 | Crear | Villager (Male) |
| 4:02 | Crear | Villager (Male) |
| 4:35 | Construir | Mill |
| 4:38 | Crear | Villager (Male) |
| 4:39 | Crear | Villager (Male) |
| 4:42 | Crear | Villager (Male) |
| 4:52 | Crear | Villager (Male) |
| 5:34 | Crear | Villager (Male) |
| 5:34 | Crear | Villager (Male) |
| 6:31 | Crear | Villager (Male) |
| 6:58 | Crear | Villager (Male) |
| 7:13 | Crear | Villager (Male) |
| 7:13 | Crear | Villager (Male) |
| 7:14 | Crear | Villager (Male) |
| 8:17 | Crear | Villager (Male) |
| 8:18 | Investigar | Feudal Age |
| 8:28 | Construir | Mill |
| 8:38 | Crear | Villager (Male) |
| 8:39 | Crear | Villager (Male) |
| 8:48 | Construir | Mining Camp |
| 9:58 | Construir | Barracks |
| 10:04 | Construir | House |
| 10:59 | Edad | Edad Feudal |
| 11:13 | Construir | Blacksmith |
| 11:35 | Crear | Villager (Male) |
| 11:56 | Construir | Market |
| 12:14 | Construir | Farm |
| 12:15 | Construir | Farm |
| 12:23 | Crear | Villager (Male) |
| 12:31 | Construir | House |
| 12:51 | Construir | Farm |
| 13:09 | Crear | Villager (Male) |
| 13:10 | Crear | Villager (Male) |
| 13:12 | Construir | Farm |
| 13:13 | Construir | Farm |
| 13:13 | Construir | Farm |
| 13:27 | Construir | House |
| 13:31 | Construir | House |
| 13:38 | Construir | Farm |
| 13:42 | Crear | Villager (Male) |
| 13:55 | Construir | Farm |
| 13:58 | Construir | Farm |
| 14:02 | Crear | Villager (Male) |
| 14:44 | Construir | Farm |
| 14:45 | Construir | Farm |
| 15:25 | Crear | Villager (Male) |
| 15:26 | Crear | Villager (Male) |
| 15:26 | Crear | Villager (Male) |
| 15:31 | Investigar | Castle Age |
| 15:58 | Crear | Villager (Male) |
| 16:12 | Construir | Barracks |
| 16:16 | Crear | Spearman |
| 16:17 | Crear | Spearman |
| 16:29 | Construir | Mining Camp |
| 16:41 | Crear | Villager (Male) |
| 17:01 | Construir | Farm |
| 17:02 | Construir | Farm |
| 17:02 | Construir | Farm |
| 17:02 | Construir | Farm |
| 17:03 | Construir | Farm |
| 17:22 | Investigar | Double-Bit Axe |
| 17:23 | Investigar | Horse Collar |
| 17:33 | Construir | Mining Camp |
| 17:35 | Crear | Villager (Male) |
| 17:35 | Crear | Villager (Male) |
| 18:12 | Construir | House |
| 18:17 | Construir | House |
| 18:19 | Construir | House |
| 18:20 | Construir | House |
| 18:21 | Construir | House |
| 18:22 | Construir | House |
| 18:30 | Edad | Edad de los Castillos |
| 19:42 | Crear | Villager (Male) |
| 19:42 | Crear | Villager (Male) |
| 19:43 | Crear | Villager (Male) |
| 19:46 | Investigar | Loom |
| 20:00 | Crear | Villager (Male) |
| 20:17 | Investigar | Man-at-Arms (upgrade) |
| 20:18 | Crear | Militia |
| 20:18 | Crear | Militia |
| 20:19 | Crear | Militia |
| 20:19 | Crear | Militia |
| 20:55 | Crear | Militia |
| 20:55 | Crear | Militia |
| 21:04 | Construir | House |
| 21:09 | Construir | House |
| 21:25 | Investigar | Long Swordsman (upgrade) |
| 21:29 | Investigar | Forging |
| 21:37 | Construir | House |
| 21:42 | Construir | House |
| 21:54 | Construir | House |
| 21:57 | Construir | House |
| 22:23 | Construir | Farm |
| 22:23 | Construir | Farm |
| 22:47 | Investigar | Iron Casting |
| 22:55 | Crear | Militia |
| 22:55 | Crear | Militia |
| 23:16 | Crear | Militia |
| 23:17 | Crear | Militia |
| 23:17 | Crear | Militia |
| 23:17 | Crear | Militia |
| 23:17 | Crear | Militia |
| 24:00 | Construir | Archery Range |
| 25:58 | Construir | Town Center |
| 28:41 | Crear | Villager (Male) |
| 28:41 | Crear | Villager (Male) |
| 28:50 | Construir | House |
| 29:04 | Construir | House |
| 29:07 | Construir | House |
| 29:09 | Construir | House |
| 29:13 | Construir | House |
| 29:39 | Construir | Farm |
| 31:08 | Crear | Villager (Male) |
| 31:19 | Construir | Farm |
| 32:23 | Construir | House |
| 32:30 | Construir | House |
| 32:35 | Construir | House |
| 32:36 | Construir | House |
| 33:18 | Crear | Villager (Male) |
| 33:18 | Crear | Villager (Male) |
| 34:05 | Construir | Farm |
| 34:18 | Construir | Farm |
| 34:21 | Crear | Villager (Male) |
| 36:12 | Crear | Villager (Male) |
| 37:12 | Crear | Villager (Male) |
| 38:08 | Crear | Villager (Male) |
| 38:08 | Crear | Villager (Male) |
| 38:27 | Construir | Town Center |
| 38:42 | Construir | Town Center |
| 38:45 | Crear | Villager (Male) |
| 38:45 | Crear | Villager (Male) |
| 40:11 | Crear | Villager (Male) |
| 40:11 | Crear | Villager (Male) |
| 40:45 | Construir | Barracks |
| 41:03 | Crear | Villager (Male) |
| 41:40 | Crear | Villager (Male) |
Cronología de la partida
| 9:13 | Xavyyy · age_up feudal |
| 9:58 | Mr. Andrews · first_building Barracks |
| 10:02 | BolivarCG · age_up feudal |
| 10:29 | Tuco Salamanca · age_up feudal |
| 10:57 | Bononi · age_up feudal |
| 10:59 | Mr. Andrews · age_up feudal |
| 12:10 | Vicko Guty · age_up feudal |
| 14:12 | BolivarCG · first_market_buy 100 stone |
| 14:13 | BolivarCG · age_up castle |
| 14:43 | Tuco Salamanca · age_up castle |
| 14:52 | Bononi · age_up castle |
| 15:07 | BolivarCG · first_building Castle |
| 16:31 | Bononi · first_building Castle |
| 16:47 | Vicko Guty · age_up castle |
| 16:59 | Vicko Guty · first_building Castle |
| 17:45 | Xavyyy · first_building Barracks |
| 18:11 | Vicko Guty · first_market_buy 100 food |
| 18:30 | Mr. Andrews · age_up castle |
| 18:41 | Xavyyy · first_building Stable |
| 18:41 | BolivarCG · first_building Siege Workshop |
| 19:10 | Bononi · first_building Barracks |
| 20:04 | Xavyyy · age_up castle |
| 20:17 | Xavyyy · first_building Monastery |
| 20:27 | Bononi · first_building Archery Range |
| 21:12 | Tuco Salamanca · first_building Stable |
| 21:54 | Bononi · first_building Siege Workshop |
| 22:25 | Bononi · wall_segment Palisade Wall x1 |
| 23:41 | Bononi · first_market_sell 100 wood |
| 24:00 | Mr. Andrews · first_building Archery Range |
| 24:22 | Tuco Salamanca · first_building Monastery |
| 24:39 | Vicko Guty · first_building Siege Workshop |
| 25:47 | Tuco Salamanca · tribute_sent a jugador 1 |
| 25:47 | Tuco Salamanca · tribute_sent a jugador 3 |
| 25:47 | Tuco Salamanca · tribute_sent a jugador 4 |
| 25:47 | Tuco Salamanca · tribute_sent a jugador 5 |
| 25:47 | Tuco Salamanca · tribute_sent a jugador 6 |
| 25:48 | Xavyyy · first_building Siege Workshop |
| 26:46 | Bononi · first_building Monastery |
| 27:03 | Tuco Salamanca · first_market_sell 100 food |
| 28:48 | Tuco Salamanca · first_market_buy 100 stone |
| 28:59 | Tuco Salamanca · first_building Castle |
| 30:07 | Vicko Guty · first_building Monastery |
| 30:43 | Vicko Guty · first_market_sell 100 wood |
| 30:47 | Xavyyy · age_up imperial |
| 31:18 | Bononi · age_up imperial |
| 31:49 | Tuco Salamanca · age_up imperial |
| 33:12 | Xavyyy · first_building Castle |
| 35:37 | Tuco Salamanca · first_building Archery Range |
| 36:47 | Tuco Salamanca · tribute_sent a jugador 1 |
| 36:47 | Tuco Salamanca · tribute_sent a jugador 3 |
| 36:47 | Tuco Salamanca · tribute_sent a jugador 4 |
| 36:47 | Tuco Salamanca · tribute_sent a jugador 5 |
| 36:47 | Tuco Salamanca · tribute_sent a jugador 6 |
| 36:47 | BolivarCG · age_up imperial |
| 41:33 | Tuco Salamanca · first_building Siege Workshop |
| 42:05 | Xavyyy · first_market_buy 100 food |
| 43:19 | Vicko Guty · age_up imperial |
| 51:28 | Tuco Salamanca · resign |
[ ANÁLISIS IA · 1 CRÉDITO ]
¿Qué pasó realmente en esta partida?
Wolo.gg analiza cada decisión: build order, eco, micro, errores típicos por bracket. Análisis personalizado por WhatsApp o Discord en 30 segundos.
Guía civ
Cumanos
Guía mapa
Arena
Perfil
Xavyyy